 Dungeon Crawl Stone Soup version bcrawl-1.21.3 (webtiles) character file.

Game seed: 9836585529077788427

1230 funkygono the Thaumaturge (level 8, 0/47 HPs)
             Began as a Fairy Wizard on Apr 4, 2020.
             Was an Initiate of Sif Muna.
             Blown up by Edmund (20 damage)
             ... with a wand of disintegration (7)
             ... on level 6 of the Dungeon.
             The game lasted 00:20:05 (4374 turns).

funkygono the Thaumaturge (Fairy Wizard)            Turns: 4374, Time: 00:20:05

Health: 0/47       AC:  7    Str:  5    XL:     8   Next: 48%
Magic:  31/31      EV: 18    Int: 23    God:    Sif Muna [......]
Gold:   348        SH:  5    Dex: 12    Spells: 17/24 levels left

rFire    . . .     SeeInvis .   a - +0 staff
rCold    . . .     Gourm    .   (shield currently unavailable)
rNeg     . . .     Faith    .   (armour unavailable)
rPois    .         Spirit   .   b - +1 hat
rElec    .         Reflect  .   (no cloak)
rCorr    .         Harm     .   f - +0 pair of gloves
MR       .....                  (no boots)
Stlth    +++.......             (no amulet)
HPRegen  0.15/turn              p - ring of magical power
MPRegen  0.22/turn              q - ring of stealth

@: flying evasively, studying 2 skills
A: small, magic attunement, unstealthy, unfitting armour, able to fly, AC/SH +5
a: Stop Flying, Divine Energy, Renounce Religion


You were on level 6 of the Dungeon.
You worshipped Sif Muna.
Sif Muna was noncommittal.
You were full.

You visited 2 branches of the dungeon, and saw 7 of its levels.

You collected 348 gold pieces.

Inventory:

Hand Weapons
 a - a +0 staff (weapon)
 k - a +1 short sword
Missiles
 l - 645 stones (quivered)
Armour
 b - a +1 hat (worn)
 f - a +0 pair of gloves (worn)
 s - a +1 hat
Jewellery
 p - a ring of magical power (left hand)
 q - a ring of stealth (right hand)
 r - an uncursed ring of magical power
 v - an uncursed ring of ice
Wands
 i - a wand of digging (20)
 w - a wand of polymorph (8)
Scrolls
 h - a scroll of vulnerability {unknown}
 j - a scroll of teleportation
 o - a scroll of remove curse
 x - a scroll of magic mapping
Potions
 c - 3 potions of haste
 d - a potion of brilliance
 g - a potion of might
 m - 3 potions of flight
 n - 4 potions of heal wounds
 t - a potion of mutation
Books
 u - a manual of Maces & Flails
 y - a manual of Staves
Comestibles
 e - 11 rations {!d}


   Skills:
 + Level 0.4 Fighting
 + Level 0.2 Short Blades
 * Level 1.4 Staves
 + Level 4.8 Dodging
 + Level 2.1 Stealth
 + Level 8.6 Spellcasting
 + Level 5.9 Conjurations
   Level 1.1 Summonings
   Level 1.1 Translocations
 * Level 2.0 Fire Magic
 * Level 2.3 Air Magic
 * Level 3.1 Poison Magic


You had 17 spell levels left.
You knew the following spells:

 Your Spells              Type           Power        Failure   Level  Hunger
a - Magic Dart            Conj           ####         1%          1    None
b - Mephitic Cloud        Conj/Pois/Air  ####....     4%          3    None
c - Conjure Flame         Conj/Fire      ####....     3%          3    None

Your spell library contained the following spells:

 Spells                   Type           Power        Failure   Level  Hunger
 Blink                    Tloc           N/A          6%          2    None
 Call Imp                 Summ           ###...       6%          2    None
 Spider Form              Tmut/Pois      ###          11%         3    None


Dungeon Overview and Level Annotations

Branches:
Dungeon (6/12)             Temple (1/1) D:5

Altars:
Cheibriados
Dithmenos
Elyvilon
Fedhas
Gozag
Kikubaaqudgha
Lugonu
Nemelex Xobeh
Okawaru
Qazlal
Ru
Sif Muna
Trog
Xom
Zin
The Shining One

Shops:
D:5 [

Annotations:
D:6 Edmund


Innate Abilities, Weirdness & Mutations

Your spells do not cause hunger and MP costs are reduced by 1.
Your bright wings attract enemies. (Stealth-)
You cannot fit into any form of body armour.
Your shimmering scales are hard and can block incoming attacks. (AC +5, SH +5)
You are small and have problems with some larger weapons.
You can fly continuously.


Message History

Aim: Edmund, wielding a +2 flail of protection, wearing a +0 ring mail and carrying a wand of disintegration (8) (moderately wounded)
The magic dart hits Edmund but does no damage.
Edmund is moderately wounded.
Edmund zaps a wand.
You struggle to resist.
Casting: Magic Dart (safe; 1% risk of failure)
Confirm with . or Enter, or press ? or * to list all spells.
Aiming: Magic Dart (safe; 1% risk of failure)
Press: ? - help, Shift-Dir - straight line, f/p - Edmund
Aim: Edmund, wielding a +2 flail of protection, wearing a +0 ring mail and carrying a wand of disintegration (7) (moderately wounded)
The magic dart hits Edmund but does no damage.
Edmund is moderately wounded.
Edmund hits you with a +2 flail of protection.
Casting: Magic Dart (safe; 1% risk of failure)
Confirm with . or Enter, or press ? or * to list all spells.
Aiming: Magic Dart (safe; 1% risk of failure)
Press: ? - help, Shift-Dir - straight line, p - Edmund A trident.
Okay, then.
Edmund zaps a wand.
You are blasted!
You die...

#..........#...#
###.......##....
####....# ...
##...## #....# .#
#...## ... ##...#
.... #...## .....
##@...#
......##.....##
.......@...>..#
..............#
..).<..........#
.................
..............#..
..#...#.......###
. ##..###....##


You could see Edmund.

Vanquished Creatures
  An ogre (D:3)
  2 phantoms (D:5)
  2 centaurs (D:4)
  2 scorpions
  3 crimson imps
  4 hounds
  An orc priest (D:4)
  A bullfrog skeleton (D:5)
  2 orc wizards
  3 worker ants
  2 hound zombies (D:5)
  7 adders
  8 gnolls
  An ooze (D:2)
  An adder zombie (D:5)
  A worm (D:2)
  2 dart slugs
  9 leopard geckos
  15 orcs
  2 ball pythons
  3 giant cockroaches
  2 goblins
  7 hobgoblins
  6 jackals
  3 quokkas
  7 bats
  5 frilled lizards
  A jackal skeleton (D:4)
  15 kobolds
  7 rats
125 creatures vanquished.

Notes
Turn   | Place    | Note
-------+----------+-------------------------------------------
     0 | D:1      | funkygono the Fairy Wizard began the quest for the Orb.
     0 | D:1      | Reached XP level 1. HP: 11/11 MP: 7/7
    89 | D:1      | Reached XP level 2. HP: 17/17 MP: 9/9
   538 | D:1      | Reached XP level 3. HP: 21/21 MP: 11/11
   673 | D:1      | Reached skill level 5 in Spellcasting
   711 | D:1      | Learned a level 3 spell: Mephitic Cloud
   715 | D:1      | Learned a level 3 spell: Conjure Flame
   942 | D:2      | Reached XP level 4. HP: 27/27 MP: 10/13
  1152 | D:2      | Found a faded altar of an unknown god.
  1449 | D:3      | Noticed an ogre
  1458 | D:2      | Reached XP level 5. HP: 26/31 MP: 15/15
  1804 | D:3      | Killed an ogre
  1804 | D:3      | Reached skill level 6 in Spellcasting
  1814 | D:3      | Reached XP level 6. HP: 36/36 MP: 14/17
  1817 | D:3      | Reached skill level 1 in Poison Magic
  2364 | D:3      | Found a bloodstained altar of Trog.
  2508 | D:4      | Found a glowing golden altar of the Shining One.
  2514 | D:4      | Found a stormy altar of Qazlal.
  2713 | D:4      | Reached XP level 7. HP: 41/41 MP: 19/19
  2771 | D:4      | Reached skill level 7 in Spellcasting
  2941 | D:4      | Reached skill level 5 in Conjurations
  2941 | D:4      | Reached skill level 1 in Air Magic
  3331 | D:5      | Entered Level 5 of the Dungeon
  3474 | D:5      | Found a staircase to the Ecumenical Temple.
  3480 | Temple   | Entered the Ecumenical Temple
  3632 | D:5      | Reached skill level 8 in Spellcasting
  3671 | D:5      | Reached XP level 8. HP: 46/46 MP: 22/22
  3709 | D:5      | Found a sparkling altar of Nemelex Xobeh.
  3772 | D:5      | Reached skill level 1 in Fire Magic
  3841 | D:5      | Found Qeoschesh's Antique Armour Boutique.
  3932 | D:5      | Reached skill level 1 in Staves
  4164 | D:5      | Found a shimmering blue altar of Sif Muna.
  4190 | D:5      | Became a worshipper of Sif Muna the Loreminder
  4339 | D:6      | Noticed Edmund
  4374 | D:6      | Blown up by Edmund

Skill      XL: |  1  2  3  4  5  6  7  8 |
---------------+-------------------------+-----
Spellcasting   | 5 6 8 |  8.6
Dodging        | 3 4 |  4.8
Conjurations   | 2 3 4 5 |  5.9
Poison Magic   | 1 2 3 |  3.1
Stealth        | 2 |  2.1
Air Magic      | 1 2 |  2.3
Fire Magic     | 2 |  2.0
Staves         | 1 |  1.4
Fighting       | |  0.4
Short Blades   | |  0.2
Summonings     | |  1.1
Translocations | |  1.1

Action                   |  1- 3 |  4- 6 |  7- 9 || total
-------------------------+-------+-------+-------++-------
Melee: Short sword       |       |     2 |       ||     2
       Staff             |       |       |    28 ||    28
 Cast: Magic Dart        |    98 |   169 |   183 ||   450
       Mephitic Cloud    |     4 |    12 |    11 ||    27
       Conjure Flame     |       |     1 |       ||     1
  Use: Scroll            |     4 |     6 |     5 ||    15
       Potion            |     1 |       |       ||     1
  Eat: Chunk             |       |     5 |     3 ||     8
       Ration            |       |       |     2 ||     2
Armor: Skin              |     8 |    12 |    15 ||    35
Dodge: Dodged            |    40 |    59 |    58 ||   157
Block: Other             |     6 |    19 |    22 ||    47
